 Dungeon Crawl Stone Soup version 0.31.0-11-ge490571c62 (webtiles) character file.

Game seed: 8418732350826798944

292 hikkokomori the Shield-Bearer (level 6, -3/51 HPs)
             Began as a Formicid Fighter on Jan 31, 2024.
             Slain by an ogre
             ... wielding a +0 giant spiked club
              (27 damage)
             ... on level 4 of the Dungeon.
             The game lasted 00:03:39 (2373 turns).

hikkokomori the Shield-Bearer (Formicid Fighter)    Turns: 2373, Time: 00:03:40

Health: -3/51      AC:  7    Str: 29    XL:     6   Next: 59%
Magic:  7/7        EV: 10    Int:  7    God:
Gold:   118        SH:  6    Dex: 20    Spells: 7/7 levels left

rFire   . . .        t - +5 short sword of the Globe {holy, *Slow rPois Dex+7 SInv}
rCold   . . .        c - +0 buckler
rNeg    . . .        b - +0 scale mail
rPois   +            (helmet unavailable)
rElec   .            (no cloak)
rCorr   .            (no gloves)
SInv    +            (no boots)
Will    .....        n - amulet of regeneration Stlth
                     w - +6 ring of strength
HPRegen 1.08/turn    (no ring)
MPRegen 0.10/turn

%: slow self (1%)
@: no status effects
A: permanent stasis, dig shafts and tunnels, antennae 3, four strong arms
a: Dig, Shaft Self


You were on level 4 of the Dungeon.
You visited 1 branch of the dungeon, and saw 4 of its levels.

You collected 118 gold pieces.

Inventory:

Hand Weapons
 a - a +0 war axe
 t - the +5 short sword of the Globe (weapon) {holy, *Slow rPois Dex+7 SInv}
   (You found it on level 2 of the Dungeon)

   Dex+7:     It affects your dexterity (+7).
   rPois:     It protects you from poison SInv: It lets you see invisible.
   *Slow:     It may slow you when you take damage.
Missiles
 p - a throwing net
Armour
 b - a +0 scale mail (worn)
 c - a +0 buckler (worn)
Jewellery
 n - an amulet of regeneration (around neck)
 w - a +6 ring of strength (left hand)
 x - an amulet of faith
Scrolls
 h - 2 scrolls of teleportation {unknown}
 i - 2 scrolls of vulnerability {unknown}
 k - a scroll of fog {unknown}
 m - 2 scrolls of amnesia {unknown}
 o - a scroll of immolation {unknown}
 q - 3 scrolls of identify {unknown}
 r - a scroll of revelation {unknown}
 s - a scroll of poison {unknown}
 u - a scroll of noise {unknown}
 y - a scroll of enchant weapon {unknown}
 A - a scroll of enchant armour {unknown}
Potions
 d - a potion of might
 e - a potion of haste {unknown}
 f - 2 potions of heal wounds {unknown}
 g - a potion of attraction {unknown}
 j - 3 potions of ambrosia {unknown}
 l - 2 potions of enlightenment {unknown}
 v - 2 potions of curing {unknown}
 z - a potion of cancellation {unknown}


   Skills:
 + Level 5.0 Fighting
 - Level 2.8 Axes
 + Level 4.9 Armour
 - Level 5.5 Shields
 + Level 1.2 Spellcasting


You had 7 spell levels left.
You didn't know any spells.
Your spell library contained the following spells:

 Spells                   Type           Power      Damage    Failure   Level
 Sublimation of Blood     Necr           0%         N/A       83%         2
 Fugue of the Fallen      Necr           0%         N/A       96%         3
 Ozocubu's Armour         Ice            0%         N/A       96%         3
 Manifold Assault         Tloc           0%         N/A       100%        4
 Petrify                  Alch/Erth      0%         N/A       100%        4
 Irradiate                Conj/Alch      0%         3d11      100%        5


Dungeon Overview and Level Annotations

Branches:
Dungeon (4/15)
 Temple: D:4-7

Altars:

Shops:
D:3 :


Innate Abilities, Weirdness & Mutations

You cannot be hasted, slowed, berserked, paralysed or teleported.
You can dig through walls and to a lower floor.
You have a pair of large antennae on your head. (SInv)
Your four strong arms can wield two-handed weapons with a shield.


Message History

The black bear barely misses you.
The black bear claws you but does no damage.
The black bear bites you. You block the black bear's attack. x2
You hit the black bear but do no damage.
The black bear is almost dead.
The black bear bites you but does no damage.
The black bear claws you.
The black bear claws you but does no damage.
You hit the black bear.
You kill the black bear!
Your Fighting skill increases to level 5!
Your Spellcasting skill increases to level 1!
An ogre comes into view. It is wielding a +0 giant spiked club.
The ogre shouts!
There is a stone staircase leading up here.
There is a stone staircase leading up here.
You climb upwards.
There is a stone staircase leading down here.
You start resting.
Magic restored.
You start resting.
HP restored.
You climb downwards.
You block the ogre's attack.
There is a stone staircase leading up here.
You hit the ogre.
The ogre is lightly wounded.
The ogre hits you with a +0 giant spiked club!
You hit the ogre.
The ogre is lightly wounded.
The ogre closely misses you.
You puncture the ogre!
The ogre is heavily wounded.
You puncture the ogre!
The ogre is severely wounded.
The ogre hits you with a +0 giant spiked club!!
You hit the ogre.
The ogre is severely wounded.
The ogre hits you with a +0 giant spiked club!!
Ouch! That really hurt!
You die...

#.. .### .. #.# #... ...
#.# ######...##..# ###.###
. ............. #.....##.#
####...#.......
....<..#.###...)..........
....(.....##.>............
........#.##....@O........
.)......#.##..............
........#.##....?..####..#
...........#.......# .
........##..#.######
.......###....#
#.....##......#
#####....###...... #.####
###.###


You could see an ogre.

Vanquished Creatures
  A black bear (D:4)
  A bombardier beetle (D:3)
  A jelly (D:4)
  5 adders
  2 dart slugs (D:1)
  A ribbon worm (D:2)
  2 orcs (D:3)
  3 endoplasms (D:2)
  2 giant cockroaches
  4 goblins
  8 hobgoblins
  5 jackals (D:1)
  12 kobolds
  8 quokkas
  7 ball pythons
  8 bats
  3 frilled lizards
  8 rats
81 creatures vanquished.

Notes
Turn   | Place    | Note
-------+----------+-------------------------------------------
     0 | D:1      | hikkokomori the Formicid Fighter began the quest for the
                  | Orb.
     0 | D:1      | Reached XP level 1. HP: 18/18 MP: 1/1
    93 | D:1      | Reached XP level 2. HP: 24/24 MP: 2/2
   304 | D:1      | Reached XP level 3. HP: 25/29 MP: 3/3
   772 | D:2      | Reached XP level 4. HP: 32/37 MP: 4/4
  1421 | D:2      | Identified the +5 short sword of the Globe {holy, *Slow
                  | rPois Dex+7 SInv}
  1791 | D:3      | Found Dedoleam's Book Emporium.
  1835 | D:3      | Reached skill level 5 in Shields
  1835 | D:3      | Reached XP level 5. HP: 38/43 MP: 5/5
  2253 | D:4      | Reached XP level 6. HP: 34/49 MP: 6/6
  2331 | D:4      | Noticed a black bear
  2346 | D:4      | Killed a black bear
  2347 | D:4      | Reached skill level 5 in Fighting
  2347 | D:4      | Reached skill level 1 in Spellcasting
  2347 | D:4      | Noticed an ogre
  2373 | D:4      | Slain by an ogre

Illustrated notes

Levels and vault maps discovered:
D:1:      dpeg_arrival_tiny_c, layout_loops_ring
D:2:      layout_loops_cross, minmay_randomly_rotated_circles
D:3:      layout_rooms, serial_shops, shop_statue
D:4:      layout_rooms, minmay_temple_entry_ruins, grunt_ministairs_7

Skill      XL: |  1  2  3  4  5  6 |
---------------+-------------------+-----
Fighting       | 4 5 |  5.0
Armour         | 4 |  4.9
Shields        | 5 |  5.5
Spellcasting   | 1 |  1.2
Axes           | |  2.8

Action                     |  1- 3 |  4- 6 || total
---------------------------+-------+-------++-------
  Melee: War axe           |    98 |    74 ||   172
         Short sword       |       |    97 ||    97
Ability: Dig               |     3 |       ||     3
 Armour: Scale mail        |    78 |   126 ||   204
  Dodge: Dodged            |    51 |    66 ||   117
  Block: Buckler           |    26 |    48 ||    74
